 Dungeon Crawl Stone Soup version 0.29-a0-330-g52719c12eb (webtiles) character file.

Game seed: 6404866574256882299

34 HoaS the Bolt Thrower (level 3, -1/21 HPs)
             Began as a Tengu Hunter on May 26, 2022.
             Slain by Terence
             ... wielding a +0 falchion of holy wrath
              (8 damage)
             ... on level 1 of the Dungeon.
             The game lasted 00:05:56 (1221 turns).

HoaS the Bolt Thrower (Tengu Hunter)                Turns: 1221, Time: 00:05:57

Health: -1/21      AC:  4    Str: 11    XL:     3   Next: 31%
Magic:  4/4        EV: 12    Int:  9    God:
Gold:   64         SH:  0    Dex: 19    Spells: 2/2 levels left

rFire   . . .      SeeInvis .   a - +4 hand crossbow
rCold   . . .      Faith    .   (no shield)
rNeg    . . .      Spirit   .   b - +1 leather armour
rPois   .          Reflect  .   (helmet restricted)
rElec   .          Harm     .   (no cloak)
rCorr   .          Rampage  .   (no gloves)
Will    .....                   (boots unavailable)
Stlth   ++........              (no amulet)
HPRegen 0.07/turn               (no ring)
MPRegen 0.09/turn               (no ring)

@: no status effects
A: beak, talons 3
a: no special abilities


You were on level 1 of the Dungeon.
You visited 1 branch of the dungeon, and saw 2 of its levels.

You collected 64 gold pieces.

Inventory:

Hand Weapons
 a - a +4 hand crossbow (weapon)
Armour
 b - a +1 leather armour (worn)
Scrolls
 c - a scroll of immolation
 d - a scroll of enchant armour
 h - a scroll of blinking
Potions
 e - 2 potions of flight {unknown}
 f - a potion of heal wounds {unknown}
 g - a potion of mutation {unknown}
 i - a potion of lignification {unknown}
 j - a potion of haste {unknown}
 k - a potion of curing {unknown}
 m - 3 potions of brilliance {unknown}


   Skills:
 - Level 2.0 Fighting
 + Level 5.6 Crossbows
 - Level 2.1 Dodging
 - Level 1.0 Stealth


You had 2 spell levels left.
You didn't know any spells.
Your spell library was empty.

Dungeon Overview and Level Annotations

Branches:
Dungeon (2/15)

Altars:

Annotations:
D:1 Terence
D:2 Sigmund


Innate Abilities, Weirdness & Mutations

You have a beak for a mouth.
You have claws for feet.


Message History

No target in view!
No target in view!
Sigmund the Dreaded comes into view.
He is wielding a +0 scythe.
Sigmund shouts!
Sigmund hits you from afar with a +0 scythe.
Blink to where?
Press: ? - help, Dir - move target Terence the Incautious comes into view.
He is wielding a +0 falchion of holy wrath.
Found a glowing blue potion.
As you read the scroll of blinking, it crumbles to dust.
Terence shouts!
You shoot a bolt. The bolt closely misses Terence.
Terence shouts, "Now you die!"
An endoplasm comes into view.
Terence screams, "I'm going to kill you!"
Sigmund gestures at you while chanting. You resist with significant effort.
Terence says, "Don't bother to defend, it's useless."
There is a stone staircase leading up here.
You shoot a bolt. The bolt hits Terence.
Terence is lightly wounded.
You shoot a bolt.
The bolt hits Terence but does no damage.
Terence is lightly wounded.
You shoot a bolt. The bolt hits Terence.
Terence is lightly wounded.
Terence hits you with a +0 falchion of holy wrath.
You shoot a bolt. The bolt barely misses Terence.
Terence hits you with a +0 falchion of holy wrath.
Terence hits you with a +0 falchion of holy wrath.
You climb upwards.
There is a stone staircase leading down here.
Shoot: a) +4 hand crossbow
Press: ? - help, Q - select action Shift-Dir - straight line, f - Terence
Aim: Terence, wielding a +0 falchion of holy wrath and wearing a +0 chain mail (lightly wounded, 75% to hit)
You shoot a bolt.
The bolt hits Terence but does no damage.
Terence is lightly wounded.
Terence hits you with a +0 falchion of holy wrath!
You die...

#.......# #.......#
#.......#
#.......#######
###.#.........#
#.#######...#
#.#######.#.#
########.........######
................@@....#
########.........####.#
#######.........# #.#
##.......#######.# #.#
....############.####.#
..).# #.......##......#
....# #.......#########
....# #.......#
.#'####.......#


You could see Terence.

Vanquished Creatures
  2 dart slugs
  3 ball pythons (D:1)
  2 bats (D:1)
  4 endoplasms (D:1)
  3 goblins (D:1)
  2 hobgoblins (D:1)
  4 jackals (D:2)
  A quokka (D:2)
  3 frilled lizards (D:1)
  2 rats
26 creatures vanquished.

Notes
Turn   | Place    | Note
-------+----------+-------------------------------------------
     0 | D:1      | HoaS the Tengu Hunter began the quest for the Orb.
     0 | D:1      | Reached XP level 1. HP: 12/12 MP: 2/2
   251 | D:1      | Reached XP level 2. HP: 17/17 MP: 3/3
   280 | D:1      | Reached skill level 5 in Crossbows
   908 | D:1      | Reached XP level 3. HP: 21/21 MP: 4/4
  1118 | D:2      | Found a faded altar of an unknown god.
  1170 | D:2      | Noticed Sigmund
  1171 | D:2      | Noticed Terence
  1221 | D:1      | Slain by Terence

Illustrated notes

Levels and vault maps discovered:
D:1:      kennysheep_arrival_forest, layout_basic, minmay_ruptured
D:2:      layout_basic, ebering_ecumenical_altar_sacrificial, chequers_avenue,
          uniq_terence, uniq_sigmund

Skill      XL: |  1  2 |
---------------+-------+-----
Crossbows      | 5 |  5.6
Fighting       | |  2.0
Dodging        | |  2.1
Stealth        | |  1.0

Action                   || total
-------------------------++-------
 Fire: Hand crossbow     ||    67
  Use: Scroll            ||     9
Armor: Leather armour    ||     9
Dodge: Dodged            ||    13

Table legend: (Time is in decaauts)
 A = Elapsed time spent in this place.
 B = Non-inter-level travel time spent in this place.
 C = Inter-level travel time spent in this place.
 D = Time resting spent in this place.
 E = Time spent auto-exploring this place.
 F = Levels seen in this place.
 G = Mean time per level.
                   A        B        C        D        E       F      G
               +--------+--------+--------+--------+--------+-----+--------+
         Total |   1240 |   1230 |     10 |    400 |    641 |   2 |  620.0 |
       Dungeon |   1240 |   1230 |     10 |    400 |    641 |   2 |  620.0 |
               +--------+--------+--------+--------+--------+-----+--------+

Top non-repeatable levels by time:
     D:1: 967 daAuts
     D:2: 273 daAuts
